[Event "DVM U12w 2023"]
[Site "Magdeburg"]
[Date "2023.12.29"]
[Round "6"]
[White "Ruddat, Maila"]
[Black "Shynkar, Daria"]
[Result "0-1"]
[WhiteElo "1187"]
[BlackElo "1316"]
[PlyCount "118"]
[EventDate "2022.12.27"]
[EventType "team-tourn"]
[EventRounds "7"]
[EventCountry "GER"]
[TimeControl "40/5400+30:1800+30"]
[WhiteClock "0:59:52"]
[BlackClock "0:23:48"]

1. e4 c5 2. d3 Nc6 3. Be2 e6 4. Be3 d6 5. f4 d5 6. Nf3 dxe4 7. dxe4 Qxd1+ 8. Bxd1 b6 9. O-O Nge7 10. Nc3 a6 11. Be2 g6 12. Rad1 Bg7 13. Bd2 O-O 14. Be3 Nb4 15. Rd6 Rb8 16. a3 Nbc6 17. Nd1 Bb7 18. c3 Rfd8 19. Rxd8+ Rxd8 20. Nf2 h6 21. Rd1 Rxd1+ 22. Bxd1 Na5 23. e5 Nd5 24. Bd2 Nc4 25. Bc1 b5 26. Nd2 Nxd2 27. Bxd2 c4 28. Bf3 Kf8 29. Kf1 Ke7 30. Nd1 h5 31. g3 Kd7 32. Kf2 Kc7 33. Ne3 Nxe3 34. Bxe3 Bxf3 35. Kxf3 Bf8 36. Ke4 Kc6 37. Bd4 Bc5 38. b4 cxb3 39. Bxc5 Kxc5 40. Kd3 Kd5 41. h3 a5 42. h4 a4 43. Kd2 Kc4 44. Kc1 Kxc3 45. Kb1 b4 46. axb4 Kxb4 47. Kb2 a3+ 48. Kb1 Kc3 49. Kc1 a2 50. Kd1 a1=Q+ 51. Ke2 Qb2+ 52. Ke3 Qd2+ 53. Kf3 Qd3+ 54. Kf2 Kd2 55. Kg2 Ke2 56. Kg1 Qf3 57. Kh2 Kf2 58. f5 Qxg3+ 59. Kh1 Qg2# {[%emt 0:00:05] normal} 0-1

[Event "DVM U12w 2023"]
[Site "Magdeburg"]
[Date "2023.12.29"]
[Round "6"]
[White "Daaboul, Dima"]
[Black "Roessling, Laura Marie"]
[Result "1/2-1/2"]
[WhiteElo "1184"]
[BlackElo "1232"]
[PlyCount "78"]
[EventDate "2022.12.27"]
[EventType "team-tourn"]
[EventRounds "7"]
[EventCountry "GER"]
[TimeControl "40/5400+30:1800+30"]
[WhiteClock "0:27:15"]
[BlackClock "1:09:41"]

1. e4 e5 2. Nf3 Nc6 3. Bc4 Bc5 4. c3 Nf6 5. d4 exd4 6. cxd4 Bb4+ 7. Nc3 O-O 8. Bg5 h6 9. Bh4 Be7 10. Bxf6 Bxf6 11. O-O d6 12. h3 Ne7 13. Re1 Ng6 14. e5 Bh4 15. Qd3 dxe5 16. dxe5 Qxd3 17. Bxd3 Be7 18. Rad1 Be6 19. Nd4 c6 20. Nxe6 fxe6 21. Bxg6 Bc5 22. Rf1 Rf4 23. Ne2 Rb4 24. b3 Rf8 25. g3 a5 26. Nf4 Bb6 27. Nxe6 Ra8 28. Rd7 a4 29. Rxg7+ Kh8 30. Rh7+ Kg8 31. Bf7+ Kxh7 32. Re1 axb3 33. axb3 Ra2 34. Rf1 Rxb3 35. Nf8+ Kg7 36. Bxb3 Rb2 37. Ne6+ Kg6 38. Bd1 Rb5 39. Re1 Rb2 {[%emt 0:01:02] normal Ab Zug 40 nicht mehr nachvollziehbar} 1/2-1/2

[Event "DVM U12w 2023"]
[Site "Magdeburg"]
[Date "2023.12.29"]
[Round "6"]
[White "Wieckowicz, Bui Havy"]
[Black "Korwitz, Pauline"]
[Result "0-1"]
[WhiteElo "1175"]
[BlackElo "1219"]
[PlyCount "62"]
[EventDate "2022.12.27"]
[EventType "team-tourn"]
[EventRounds "7"]
[EventCountry "GER"]
[TimeControl "40/5400+30:1800+30"]
[WhiteClock "0:19:52"]
[BlackClock "0:55:13"]

1. e4 c5 2. Nf3 d6 3. d4 cxd4 4. Nxd4 Nf6 5. Nc3 a6 6. f3 Nbd7 7. Be3 e6 8. Qd2 Be7 9. O-O-O O-O 10. Kb1 Qc7 11. g4 Ne5 12. Be2 b5 13. b3 Bd7 14. h4 Rfc8 15. h5 g6 16. Rc1 Qxc3 17. Qxc3 Rxc3 18. Bd2 Rcc8 19. h6 Nc6 20. Bc3 Nxd4 21. Bxd4 a5 22. g5 Nh5 23. Rhg1 a4 24. Kb2 axb3 25. axb3 Ra6 26. Bd3 Rca8 27. Kb1 f6 28. Bb2 fxg5 29. c3 Bf6 30. Rcd1 Ra2 31. Rc1 b4 {[%emt 0:01:27] normal} 0-1

[Event "DVM U12w 2023"]
[Site "Magdeburg"]
[Date "2023.12.29"]
[Round "6"]
[White "Stepanova, Anhelina"]
[Black "Briese, Sophie"]
[Result "0-1"]
[WhiteElo "1172"]
[BlackElo "1207"]
[PlyCount "66"]
[EventDate "2022.12.27"]
[EventType "team-tourn"]
[EventRounds "7"]
[EventCountry "GER"]
[TimeControl "40/5400+30:1800+30"]
[WhiteClock "1:23:48"]
[BlackClock "0:25:36"]

1. d4 Nf6 2. h3 d5 3. Bf4 c5 4. e3 Nc6 5. c3 e6 6. Nf3 Bd6 7. Ne5 O-O 8. Nd2 a6 9. Ndf3 Ne4 10. Qc2 f6 11. Nxc6 bxc6 12. Bxd6 Qxd6 13. Bd3 f5 14. b3 Bb7 15. Ne5 cxd4 16. exd4 Rac8 17. f3 Ng3 18. Rh2 c5 19. Qf2 f4 20. Ng4 cxd4 21. Qxd4 Rc7 22. O-O-O Rfc8 23. Kb2 a5 24. Rc1 Ba6 25. Bxa6 Qxa6 26. Qxf4 Qe2+ 27. Kb1 Qd3+ 28. Kb2 Rxc3 29. Rxc3 Qxc3+ 30. Ka3 a4 31. Qxg3 Qc1+ 32. Kb4 Qc5+ 33. Kxa4 Ra8# {[%emt 0:00:31] normal} 0-1

[Event "DVM U12w 2023"]
[Site "Magdeburg"]
[Date "2023.12.29"]
[Round "6"]
[White "Oschinski, Mathilda"]
[Black "Schmidt Guevara, Daniela"]
[Result "0-1"]
[WhiteElo "1155"]
[BlackElo "1083"]
[PlyCount "55"]
[EventDate "2022.12.27"]
[EventType "team-tourn"]
[EventRounds "7"]
[EventCountry "GER"]
[TimeControl "40/5400+30:1800+30"]
[WhiteClock "0:44:40"]
[BlackClock "1:10:28"]

1. d4 d5 2. Nc3 Nf6 3. Bf4 Bf5 4. f3 Nc6 5. g4 Bg6 6. h4 h6 7. e3 e6 8. Bd3 Bh7 9. Bxh7 Nxh7 10. Qd2 Bb4 11. Nge2 Qe7 12. O-O-O O-O-O 13. Qd3 a6 14. Na4 Ba5 15. Nc5 Bb6 16. Qc3 Bxc5 17. Qxc5 Qxc5 18. dxc5 e5 19. Bg3 Rhe8 20. f4 exf4 21. Bxf4 Nf6 22. Nc3 Ne4 23. Nxe4 Rxe4 24. g5 h5 {[%emt 0:03:07] gxh6 gxh6 Bxh6 d4} 25. Rh3 {[%emt 0:12:40] dxe3 Rxd8+ Nxd8 Bxe3} f5 {[%emt 0:06:58] h5 f4 Bd2 f3} 26. Rf3 {[%emt 0:00:00] Rh4 c4 Rxh5 b4 Ne6 Be3 Rh1+ Kc2 Rh2+ Kb3 Nd8 a4 c6 Bf4 Rh4} b5 {[%emt 0:11:20] a5 Bd2 Ne6 Bxa5 Nd4+ Kb4 Nxf3 bxc6 bxc6 Bb6 Nd2 Kc3 Nxc4 a5 Nxb6} 27. cxb6 Kb7 {[%emt 0:22:02] Kb3 c5 Kc3 Ka6 Kb3 Kxa5 b7 Rh8 Kc4 Kb6 Kd5 Kxb7 Kxc5 Rh6 Kd5 Kc7 Ke5 Kd7 Kf5 Ke7 Kg5 Rc6 Kf5 Rb6 Kg5 Kf7 Kh5 Kg7 Kg5 Rb5+ Kf4 Kf6 Ke4 Rh5 Kf3 Rh4 Kg3 Kg5 Kf3 Rg4 Ke3 Kf5 Kf3 Ra4 Ke3 Rh4 Kd3 Ke5 Kc3 Kd5 Kb3 Kc5 Ka3 Kb5 Kb3} 28. Rh3 {[%emt 0:00:00] normal Kc2 Kb4 Kd2 Kc4 Ke2 Kd4 Kf2 Ke4 Kg2 Rb3 Kf2 Ra3 Kg2 Kf4 Kh2 Kg4 Kg2 Ra2+ Kf1 Kg3 Ke1 Kf3 Kd1 Ke3 Kc1 Kd3 Kb1 Rg2 Kc1 Rh2 Kb1 Kc3 Ka1 Kb3 Kb1 Rh1#} 0-1

[Event "DVM U12w 2023"]
[Site "Magdeburg"]
[Date "2023.12.29"]
[Round "6"]
[White "Roessler, Helena"]
[Black "Gelbach, Amelia"]
[Result "1-0"]
[WhiteElo "1060"]
[BlackElo "841"]
[PlyCount "59"]
[EventDate "2022.12.27"]
[EventType "team-tourn"]
[EventRounds "7"]
[EventCountry "GER"]
[TimeControl "40/5400+30:1800+30"]
[WhiteClock "1:21:44"]
[BlackClock "1:23:56"]

1. Nf3 c5 2. g3 d6 3. Bg2 Nc6 4. O-O g6 5. d3 Bg7 6. c4 Bd7 7. Nc3 Qc8 8. Re1 Bh3 9. Bh1 Nh6 10. Nd5 O-O 11. Nf4 Nd4 12. Nxd4 Bxd4 13. Nxh3 Qxh3 14. Bg2 Qh5 15. e3 Qxd1 16. Rxd1 Bf6 17. d4 cxd4 18. exd4 a6 19. Bxh6 Rfe8 20. Bxb7 Rab8 21. Bxa6 Rxb2 22. a4 e5 23. d5 e4 24. Ra3 e3 25. Bxe3 Rb4 26. Bb5 Re5 27. a5 h5 28. a6 Rg5 29. Bxg5 Bxg5 30. a7 {[%emt 0:01:24] normal} 1-0

[Event "DVM U12w 2023"]
[Site "Magdeburg"]
[Date "2023.12.29"]
[Round "6"]
[White "Sachsenröder, Frida"]
[Black "Grey, Paula"]
[Result "0-1"]
[WhiteElo "1059"]
[BlackElo "1008"]
[PlyCount "122"]
[EventDate "2022.12.27"]
[EventType "team-tourn"]
[EventRounds "7"]
[EventCountry "GER"]
[TimeControl "40/5400+30:1800+30"]

1. d4 d5 2. Bf4 Nc6 3. Nf3 Bf5 4. e3 a6 5. c4 e6 6. Nc3 Nf6 7. Bd3 Bxd3 8. Qxd3 Bd6 9. Ne5 O-O 10. O-O h6 11. Rfe1 Re8 12. e4 Bb4 13. Bd2 Bxc3 14. Nxc6 bxc6 15. Qxc3 Nxe4 16. Qc2 Qf6 17. Ba5 Qxd4 18. cxd5 cxd5 19. Rad1 Qc5 20. Qxc5 Nxc5 21. Bxc7 Rac8 22. Bb6 Nd7 23. Bd4 Rc2 24. h3 a5 25. Rc1 Rec8 26. Bc3 Rxc1 27. Rxc1 Nb6 28. Bd2 Rxc1+ 29. Bxc1 Kf8 30. Kf1 Ke7 31. Ke2 Kd6 32. Kd3 e5 33. Kc3 d4+ 34. Kb3 Kd5 35. f3 f6 36. Kc2 f5 37. b3 e4 38. fxe4+ fxe4 39. Kd2 Nd7 40. a3 Nc5 41. b4 axb4 42. axb4 Nb3+ 43. Kc2 Nxc1 44. Kxc1 Kc4 45. b5 Kxb5 46. Kc2 Kc4 47. Kd2 e3+ 48. Ke2 d3+ 49. Kxe3 Kc3 50. g4 d2 51. Kf4 d1=Q 52. Kg3 g5 53. h4 Qd3+ 54. Kf2 gxh4 55. Kg2 Qg3+ 56. Kf1 h3 57. Ke2 h2 58. g5 hxg5 59. Kf1 h1=R+ 60. Ke2 Rh2+ 61. Kd1 Qg1# {[%emt 0:00:35] normal} 0-1

[Event "DVM U12w 2023"]
[Site "Magdeburg"]
[Date "2023.12.29"]
[Round "6"]
[White "Prasannavenkatesan, Ananya"]
[Black "Gerth, Lydia"]
[Result "0-1"]
[WhiteElo "1045"]
[BlackElo "1214"]
[PlyCount "88"]
[EventDate "2022.12.27"]
[EventType "team-tourn"]
[EventRounds "7"]
[EventCountry "GER"]
[TimeControl "40/5400+30:1800+30"]
[WhiteClock "1:01:45"]
[BlackClock "0:59:21"]

1. e4 e6 2. d4 d5 3. exd5 exd5 4. Nf3 Nf6 5. Bg5 Bd6 6. Nc3 c6 7. Be2 Be6 8. O-O h6 9. Bh4 Nbd7 10. Re1 Qc7 11. Bxf6 Nxf6 12. h3 O-O-O 13. a3 g5 14. b4 Rh7 15. Ne5 Rg8 16. b5 c5 17. b6 axb6 18. Nb5 Qb8 19. c3 Nd7 20. Nxd7 Bxd7 21. dxc5 Be5 22. Qc2 Rhg7 23. cxb6 g4 24. h4 f5 25. Na7+ Kd8 26. Rad1 f4 27. Bd3 Bf6 28. h5 Rg5 29. Bg6 Qd6 30. Rb1 Qc5 31. Kf1 Re5 32. Rxe5 Bxe5 33. c4 Qxc4+ 34. Qxc4 dxc4 35. Bf7 Rg5 36. Bxc4 Rxh5 37. Kg1 g3 38. Rd1 Ke7 39. Bb5 Be6 40. a4 Bc3 41. Kf1 Rh1+ 42. Ke2 f3+ 43. gxf3 g2 44. Nc6+ Kf6 {[%emt 0:01:58] normal} 0-1

[Event "DVM U12w 2023"]
[Site "Magdeburg"]
[Date "2023.12.29"]
[Round "6"]
[White "Lao, Theodora Siyuan"]
[Black "Anaparthi, Anika"]
[Result "1-0"]
[WhiteElo "1044"]
[BlackElo "902"]
[PlyCount "91"]
[EventDate "2022.12.27"]
[EventType "team-tourn"]
[EventRounds "7"]
[EventCountry "GER"]
[TimeControl "40/5400+30:1800+30"]
[WhiteClock "1:38:09"]
[BlackClock "0:54:52"]

1. e4 e5 2. Nc3 Nf6 3. f4 d6 4. Nf3 Nc6 5. d4 exd4 6. e5 dxc3 7. exf6 Qxf6 8. Qe2+ Be7 9. b3 O-O 10. g3 Bg4 11. Bg2 Nd4 12. Qd3 Bf5 13. Qxd4 Qe6+ 14. Qe3 Qxe3+ 15. Bxe3 Bxc2 16. Rc1 Bf5 17. Rxc3 Bf6 18. Rxc7 b6 19. Nd4 Bd8 20. Nxf5 Bxc7 21. Bxa8 Rxa8 22. O-O Re8 23. Rc1 g6 24. Rxc7 gxf5 25. Bf2 b5 26. Bxa7 Re1+ 27. Kg2 Re2+ 28. Bf2 Rxa2 29. Rb7 Ra5 30. b4 Ra2 31. Rxb5 Rb2 32. Kf3 Kg7 33. Bd4+ Kf8 34. Bxb2 Ke7 35. Rxf5 Ke6 36. Ra5 d5 37. b5 Kd7 38. b6 Kc8 39. Rxd5 Kb7 40. Rb5 Kb8 41. b7 Kc7 42. b8=Q+ Kd7 43. Rc5 Ke7 44. Qe5+ Kd7 45. Rc7+ Kd8 46. Qe7# {[%emt 0:00:12] normal} 1-0

[Event "DVM U12w 2023"]
[Site "Magdeburg"]
[Date "2023.12.29"]
[Round "6"]
[White "Haas, Valentina"]
[Black "Weißleder, Emia"]
[Result "0-1"]
[WhiteElo "1010"]
[BlackElo "1041"]
[PlyCount "80"]
[EventDate "2022.12.27"]
[EventType "team-tourn"]
[EventRounds "7"]
[EventCountry "GER"]
[TimeControl "40/5400+30:1800+30"]
[WhiteClock "1:20:18"]
[BlackClock "1:12:19"]

1. e4 c5 2. Bc4 d6 3. Nc3 Nc6 4. Nf3 Nf6 5. d3 g6 6. Be3 Bg7 7. Qd2 O-O 8. Bh6 Qb6 9. b3 Qa5 10. Bxg7 Kxg7 11. O-O Qc7 12. Qf4 Be6 13. Bxe6 fxe6 14. Ng5 Qa5 15. Ne2 Ne5 16. h3 Nh5 17. Qe3 Rf6 18. Ng3 Nf4 19. Nf3 Nxf3+ 20. Qxf3 Nxh3+ 21. Kh2 Rxf3 22. gxf3 Ng5 23. f4 Nf3+ 24. Kh3 Rf8 25. f5 exf5 26. exf5 gxf5 27. Kg2 Nh4+ 28. Kh3 f4 29. Kxh4 fxg3 30. Kxg3 d5 31. Rfe1 Qc7+ 32. Kg2 Kh8 33. Kf1 Qf4 34. Re2 Qf3 35. Ke1 Qh1+ 36. Kd2 Qxa1 37. f3 Rxf3 38. a4 d4 39. a5 Rf1 40. Re1 Qxe1# {[%emt 0:00:39] normal} 0-1

[Event "DVM U12w 2023"]
[Site "Magdeburg"]
[Date "2023.12.29"]
[Round "6"]
[White "Nikitina, Alisa"]
[Black "Subocz, Emma"]
[Result "0-1"]
[WhiteElo "1004"]
[BlackElo "827"]
[PlyCount "64"]
[EventDate "2022.12.27"]
[EventType "team-tourn"]
[EventRounds "7"]
[EventCountry "GER"]
[TimeControl "40/5400+30:1800+30"]
[WhiteClock "0:34:55"]
[BlackClock "1:10:48"]

1. e4 e5 2. Nf3 Nc6 3. Bc4 Nf6 4. Nc3 Bc5 5. d3 d6 6. Bg5 h6 7. Bxf6 Qxf6 8. h3 O-O 9. O-O Be6 10. Nb5 Qd8 11. a3 a6 12. Nc3 Qd7 13. Nh4 Qe7 14. Nf5 Qg5 15. h4 Qf6 16. Qg4 Nd4 17. Bxe6 fxe6 18. Ne3 Rf7 19. Na4 Raf8 20. Nd1 Nxc2 21. Rc1 Nd4 22. Nxc5 dxc5 23. h5 b6 24. b4 Qf4 25. Qxf4 exf4 26. bxc5 Ne2+ 27. Kh1 Nxc1 28. cxb6 cxb6 29. d4 e5 30. d5 Rd8 31. Nc3 Nd3 32. Rd1 Nxf2+ {[%emt 0:00:12] normal} 0-1

[Event "DVM U12w 2023"]
[Site "Magdeburg"]
[Date "2023.12.29"]
[Round "6"]
[White "Yamshchikova, Oleksandra"]
[Black "Kuehne, Malin"]
[Result "0-1"]
[WhiteElo "956"]
[BlackElo "1264"]
[PlyCount "122"]
[EventDate "2022.12.27"]
[EventType "team-tourn"]
[EventRounds "7"]
[EventCountry "GER"]
[TimeControl "40/5400+30:1800+30"]
[WhiteClock "1:04:32"]
[BlackClock "0:16:38"]

1. e4 c6 2. d4 d5 3. e5 c5 4. c3 Nc6 5. Nf3 e6 6. Be2 Nge7 7. Bg5 Qb6 8. O-O Qb4 9. b3 Qxb3 10. Nbd2 Qb6 11. Rb1 Qc7 12. dxc5 Ng6 13. c4 dxc4 14. Nxc4 Bxc5 15. Nd6+ Bxd6 16. Qxd6 Qxd6 17. exd6 Nf8 18. Rbd1 Nd7 19. Rc1 a6 20. Rc2 O-O 21. Rfc1 f6 22. Bh4 Rd8 23. Rd1 Nf8 24. Rcd2 Bd7 25. Bd3 Rac8 26. Be4 b5 27. Bxc6 Bxc6 28. h3 Bxf3 29. gxf3 Rd7 30. Kg2 Rc6 31. Kh2 Kf7 32. Kh1 e5 33. Kh2 Ke6 34. Rg1 g5 35. Bg3 Rdxd6 36. Rxd6+ Rxd6 37. Rc1 Kd7 38. h4 h6 39. h5 Ne6 40. Kh3 Ng7 41. Kg4 Rd4+ 42. Kh3 Nxh5 43. Rh1 Ke6 44. Kg2 Nxg3 45. fxg3 Rd2+ 46. Kh3 Rxa2 47. Kg4 b4 48. Rb1 a5 49. f4 gxf4 50. gxf4 e4 51. Re1 f5+ 52. Kg3 b3 53. Rb1 b2 54. Kf2 a4 55. Ke2 a3 56. Rd1 b1=Q+ 57. Ke1 Qb4+ 58. Kf1 Qc4+ 59. Kg1 Qc2 60. Rd6+ Kxd6 61. Kf1 Qf2# {[%emt 0:00:39] normal} 0-1

[Event "DVM U12w 2023"]
[Site "Magdeburg"]
[Date "2023.12.29"]
[Round "6"]
[White "Böhrer, Lea Marie"]
[Black "Strahl, Nele"]
[Result "0-1"]
[WhiteElo "939"]
[BlackElo "783"]
[PlyCount "62"]
[EventDate "2022.12.27"]
[EventType "team-tourn"]
[EventRounds "7"]
[EventCountry "GER"]
[TimeControl "40/5400+30:1800+30"]
[WhiteClock "1:22:37"]
[BlackClock "0:59:05"]

1. e4 e5 2. Nf3 Nc6 3. Nc3 Nf6 4. Bc4 Bc5 5. d3 O-O 6. Bg5 Re8 7. O-O Be7 8. Re1 d6 9. d4 exd4 10. Nxd4 Nxd4 11. Qxd4 c5 12. Qd3 Ng4 13. Bxe7 Qxe7 14. Bb5 Rf8 15. Nd5 Qd8 16. Qf3 b6 17. e5 dxe5 18. Rad1 a6 19. Nc3 Qf6 20. Qxa8 axb5 21. f3 Qg6 22. Re4 Bf5 23. Rd8 Qd6 24. Re8 Bxe4 25. fxg4 Bxa8 26. Nxb5 Qd2 27. Rxf8+ Kxf8 28. h3 e4 29. Kh2 Qf4+ 30. g3 Qf2+ 31. Kh1 e3# {[%emt 0:00:15] normal} 0-1

[Event "DVM U12w 2023"]
[Site "Magdeburg"]
[Date "2023.12.29"]
[Round "6"]
[White "Schmegel, Alina"]
[Black "Khachaturyan, Viktoria"]
[Result "0-1"]
[WhiteElo "892"]
[BlackElo "987"]
[PlyCount "86"]
[EventDate "2022.12.27"]
[EventType "team-tourn"]
[EventRounds "7"]
[EventCountry "GER"]
[TimeControl "40/5400+30:1800+30"]
[WhiteClock "1:18:45"]
[BlackClock "1:13:09"]

1. e4 e5 2. Nf3 Nc6 3. Bb5 d6 4. d3 Nf6 5. Nc3 d5 6. exd5 Nxd5 7. Ne4 Bg4 8. Nxe5 Bxd1 9. Kxd1 Ndb4 10. Bg5 Qd5 11. Bh6 Qxe5 12. Bg5 Qxb5 13. Re1 Be7 14. Bxe7 Nxe7 15. Nc3 Qh5+ 16. f3 Qxh2 17. a3 Nbc6 18. Nb5 O-O-O 19. Kd2 Rhe8 20. Rh1 Qxg2+ 21. Kc3 Nd5+ 22. Kb3 Ne3 23. Rhc1 Rd5 24. a4 Qxf3 25. Nc3 Na5+ 26. Ka2 Re6 27. Nxd5 Qxd5+ 28. b3 Rb6 29. Rab1 Nf5 30. Rh1 Ng3 31. Rxh7 Qc6 32. Rb2 Ne2 33. Rh8+ Kd7 34. c4 Nc3+ 35. Ka3 Qf3 36. d4 Qd1 37. Rhh2 Qxd4 38. Rhd2 Nb1+ 39. Ka2 Nxd2 40. Rxd2 Qxd2+ 41. Ka3 Qc1+ 42. Ka2 Qc2+ 43. Ka3 Qxb3# {[%emt 0:00:15] normal} 0-1

[Event "DVM U12w 2023"]
[Site "Magdeburg"]
[Date "2023.12.29"]
[Round "6"]
[White "Gelbach, Julietta"]
[Black "Sauermann, Paula"]
[Result "0-1"]
[WhiteElo "887"]
[BlackElo "754"]
[PlyCount "58"]
[EventDate "2022.12.27"]
[EventType "team-tourn"]
[EventRounds "7"]
[EventCountry "GER"]
[TimeControl "40/5400+30:1800+30"]
[WhiteClock "1:29:45"]
[BlackClock "1:13:30"]

1. e4 e5 2. Nf3 Nc6 3. Bc4 Bc5 4. d3 d6 5. h3 Be6 6. Bxe6 fxe6 7. Nc3 Nf6 8. Bg5 h6 9. Bh4 g5 10. Bg3 Qe7 11. h4 g4 12. Nd2 O-O-O 13. h5 d5 14. Bh4 Qf7 15. Na4 Bd4 16. Nb3 Bxf2+ 17. Bxf2 Rhf8 18. Qe2 Nxh5 19. Rf1 g3 20. Be3 Qxf1+ 21. Qxf1 Rxf1+ 22. Kxf1 Rf8+ 23. Ke1 b6 24. Bxh6 Rf2 25. Nd2 Rxg2 26. Nf3 Nd4 27. Kf1 Rf2+ 28. Kg1 Nxf3+ 29. Kh1 Rh2# {[%emt 0:01:31] normal} 0-1

[Event "DVM U12w 2023"]
[Site "Magdeburg"]
[Date "2023.12.29"]
[Round "6"]
[White "Goy, Isabella"]
[Black "Martin, Helene"]
[Result "1/2-1/2"]
[WhiteElo "880"]
[BlackElo "989"]
[PlyCount "50"]
[EventDate "2022.12.27"]
[EventType "team-tourn"]
[EventRounds "7"]
[EventCountry "GER"]
[TimeControl "40/5400+30:1800+30"]
[WhiteClock "1:03:10"]
[BlackClock "0:39:56"]

1. e4 c5 2. Nf3 Nc6 3. Nc3 d6 4. Bb5 Bd7 5. h3 Nf6 6. d3 a6 7. Bxc6 bxc6 8. Be3 e6 9. O-O Rb8 10. b3 g6 11. Rb1 Bg7 12. Qd2 d5 13. exd5 cxd5 14. Bxc5 Bc6 15. Rfe1 Bf8 16. Bxf8 Kxf8 17. a4 Kg7 18. Ng5 Re8 19. Re2 Qd6 20. Ra1 d4 21. Nge4 dxc3 22. Nxd6 cxd2 23. Nxe8+ Rxe8 24. Rxd2 Nd5 25. Re2 Nf4 {[%emt 0:00:15] normal} 1/2-1/2

[Event "DVM U12w 2023"]
[Site "Magdeburg"]
[Date "2023.12.29"]
[Round "6"]
[White "Satheesh, Yazhini"]
[Black "Seyedfakhari, Elena"]
[Result "1-0"]
[WhiteElo "859"]
[BlackElo "860"]
[PlyCount "71"]
[EventDate "2022.12.27"]
[EventType "team-tourn"]
[EventRounds "7"]
[EventCountry "GER"]
[TimeControl "40/5400+30:1800+30"]
[WhiteClock "1:09:46"]
[BlackClock "1:29:18"]

1. e4 e5 2. Nf3 Nc6 3. Nc3 Nf6 4. Bb5 a6 5. Bxc6 dxc6 6. Nxe5 Qd4 7. Nf3 Qc4 8. d3 Qc5 9. Bf4 Bd6 10. Bxd6 cxd6 11. h3 O-O 12. Qd2 Be6 13. O-O-O Qa5 14. Kb1 d5 15. exd5 Nxd5 16. Nxd5 Qxd5 17. b3 a5 18. Qg5 f5 19. c4 Qc5 20. Qd2 Rad8 21. Qc2 Rd6 22. Rhe1 Rfd8 23. Ng5 Bf7 24. Nxf7 Kxf7 25. g4 fxg4 26. hxg4 Kg8 27. Re3 Qg5 28. Rg1 Qg6 29. Rgg3 Rf8 30. Rg2 Rdf6 31. c5 Qh6 32. Qc4+ Kh8 33. Re1 Rxf2 34. Rxf2 Rxf2 35. Re8+ Rf8 36. Rxf8# {[%emt 0:00:23] normal} 1-0

[Event "DVM U12w 2023"]
[Site "Magdeburg"]
[Date "2023.12.29"]
[Round "6"]
[White "Slowik, Anna"]
[Black "Funke, Luise"]
[Result "0-1"]
[WhiteElo "842"]
[BlackElo "1018"]
[PlyCount "32"]
[EventDate "2022.12.27"]
[EventType "team-tourn"]
[EventRounds "7"]
[EventCountry "GER"]
[TimeControl "40/5400+30:1800+30"]
[WhiteClock "1:09:31"]
[BlackClock "1:12:47"]

1. e4 e5 2. Nf3 Nc6 3. Bc4 Bc5 4. O-O d6 5. c3 Nf6 6. b4 Bb6 7. a4 a6 8. d3 Bg4 9. Bxf7+ Kxf7 10. Ng5+ Ke7 11. Qb3 Rf8 12. h3 h6 13. hxg4 hxg5 14. Bxg5 Rh8 15. Nd2 Qd7 16. Nf3 Qxg4 {[%emt 0:00:42] normal} 0-1

[Event "DVM U12w 2023"]
[Site "Magdeburg"]
[Date "2023.12.29"]
[Round "6"]
[White "He, Siqi"]
[Black "Satheesh, Dharshini"]
[Result "1/2-1/2"]
[WhiteElo "812"]
[BlackElo "871"]
[PlyCount "179"]
[EventDate "2022.12.27"]
[EventType "team-tourn"]
[EventRounds "7"]
[EventCountry "GER"]
[TimeControl "40/5400+30:1800+30"]
[WhiteClock "1:20:16"]
[BlackClock "0:29:01"]

1. e4 e5 2. Nf3 Nc6 3. Bc4 Bc5 4. d3 Nf6 5. O-O d6 6. c3 h6 7. Re1 Bg4 8. h3 Bh5 9. Nbd2 O-O 10. Nf1 a6 11. Ng3 Bxf3 12. Qxf3 b5 13. Bb3 b4 14. Nh5 Ne8 15. Qg3 Kh7 16. Qf3 g6 17. Ng3 Qe7 18. Bd5 Qd7 19. cxb4 Nxb4 20. Bxa8 Nc2 21. Be3 Bxe3 22. Qe2 Nxa1 23. Rxa1 Bd4 24. Rc1 Nf6 25. Bc6 Qe6 26. a3 Rb8 27. b4 Rb6 28. Ba4 c5 29. bxc5 Bxc5 30. Qd1 Bxa3 31. Ra1 Bb2 32. Rb1 Bd4 33. Rxb6 Bxb6 34. Bb3 Qe7 35. Qb1 Bd8 36. Qa2 a5 37. Bxf7 Kg7 38. Bc4 Qd7 39. Be6 Qc6 40. Bc4 Nd7 41. Bd5 Qc1+ 42. Nf1 Nb8 43. Bb3 Qc5 44. Qa4 Qa7 45. Qc4 h5 46. Qg8+ Kh6 47. Qxd8 a4 48. Ba2 Nc6 49. Qxd6 Qb6 50. Bd5 Qa6 51. Bxc6 a3 52. Nd2 a2 53. Nb3 a1=Q+ 54. Nxa1 Qxa1+ 55. Kh2 Qa6 56. Qf8+ Kg5 57. Be8 Qf6 58. Qxf6+ Kxf6 59. g4 hxg4 60. hxg4 g5 61. Bd7 Ke7 62. Ba4 Kd6 63. Kg1 Kc5 64. Kf1 Kd4 65. Ke2 Kc3 66. Ke3 Kb4 67. Be8 Kc5 68. f3 Kd6 69. d4 Ke6 70. Kd3 Kd6 71. d5 Kc5 72. Bf7 Kd6 73. f4 exf4 74. Be6 Ke5 75. Bc8 Kd6 76. Kd4 Kc7 77. Ba6 Kd6 78. e5+ Ke7 79. d6+ Kd7 80. Kd5 f3 81. e6+ Ke8 82. d7+ Ke7 83. Ke5 f2 84. Kf5 f1=Q+ 85. Bxf1 Kd8 86. Kxg5 Ke7 87. Kf4 Kd8 88. g5 Ke7 89. g6 Kxe6 90. d8=Q {[%emt 0:00:15] normal} 1/2-1/2

[Event "DVM U12w 2023"]
[Site "Magdeburg"]
[Date "2023.12.29"]
[Round "6"]
[White "Fissler, Lieselotte"]
[Black "Poberezhna, Anna"]
[Result "1-0"]
[WhiteElo "786"]
[BlackElo "951"]
[PlyCount "85"]
[EventDate "2022.12.27"]
[EventType "team-tourn"]
[EventRounds "7"]
[EventCountry "GER"]
[TimeControl "40/5400+30:1800+30"]
[WhiteClock "0:48:11"]
[BlackClock "1:19:19"]

1. e4 e5 2. Nf3 Nc6 3. Bc4 Bc5 4. d3 h6 5. Nc3 Nf6 6. Be3 Bb6 7. Qd2 d6 8. O-O-O O-O 9. h3 Be6 10. g4 d5 11. exd5 Nxd5 12. Nxd5 Bxd5 13. Bxd5 Qxd5 14. Nh4 Ba5 15. c3 Qxa2 16. Qc2 Rad8 17. Bc5 Rfe8 18. Kd2 e4 19. d4 Nxd4 20. Bxd4 Rxd4+ 21. Kc1 Rc4 22. f3 Qa1+ 23. Kd2 Rd4+ 24. Ke3 Rd3+ 25. Ke2 exf3+ 26. Kxd3 Qa2 27. Nxf3 Qd5+ 28. Nd4 b5 29. b3 c5 30. Qf2 Rd8 31. Kc2 c4 32. Nc6 Qxc6 33. Rxd8+ Bxd8 34. Rd1 Bc7 35. Rf1 Qe4+ 36. Kb2 Qe6 37. Re1 Qd5 38. Re8+ Kh7 39. Qc2+ g6 40. b4 Qh1 41. Qd2 Qxh3 42. Qd4 a5 43. Qh8# {[%emt 0:00:47] normal} 1-0

[Event "DVM U12w 2023"]
[Site "Magdeburg"]
[Date "2023.12.29"]
[Round "6"]
[White "Lehmann, Clara Theres"]
[Black "Nehrukumar, Rithika"]
[Result "1/2-1/2"]
[WhiteElo "781"]
[BlackElo "989"]
[PlyCount "44"]
[EventDate "2022.12.27"]
[EventType "team-tourn"]
[EventRounds "7"]
[EventCountry "GER"]
[TimeControl "40/5400+30:1800+30"]
[WhiteClock "1:23:07"]
[BlackClock "1:20:04"]

1. d4 d5 2. Nc3 Nc6 3. Bf4 Nf6 4. Nb5 e5 5. dxe5 Ne4 6. f3 Nc5 7. Qxd5 a6 8. Qxd8+ Nxd8 9. Nc3 Bf5 10. g4 Bxc2 11. e3 Bd3 12. O-O-O Bxf1 13. Rxf1 Nd3+ 14. Kb1 Ne6 15. Nge2 O-O-O 16. Rd1 Bb4 17. Ne4 Rd7 18. a3 Be7 19. Rd2 Rhd8 20. Rhd1 g6 21. g5 Nexf4 22. exf4 Bc5 {[%emt 0:02:19] normal} 1/2-1/2

[Event "DVM U12w 2023"]
[Site "Magdeburg"]
[Date "2023.12.30"]
[Round "7"]
[White "Schirmbeck, Lilian"]
[Black "John, Linnea"]
[Result "1-0"]
[WhiteElo "1585"]
[BlackElo "1393"]
[PlyCount "33"]
[EventDate "2022.12.27"]
[EventType "team-tourn"]
[EventRounds "7"]
[EventCountry "GER"]
[TimeControl "40/5400+30:1800+30"]
[WhiteClock "0:46:28"]
[BlackClock "0:40:46"]

1. d4 d5 2. Nf3 Nf6 3. g3 e6 4. Bg2 Bb4+ 5. c3 Be7 6. O-O Nbd7 7. Bf4 c6 8. Nbd2 O-O 9. Re1 Nh5 10. e4 Nxf4 11. gxf4 Nf6 12. Ne5 Qc7 13. Re3 g6 14. Rg3 Nh5 15. Qxh5 Kh8 16. Qh6 Bh4 17. Qxf8# {[%emt 0:01:26] normal} 1-0